 Seeded DCSS version 0.32-a0-900-g30fb1b0edc (webtiles) character file.

Game seed: 202404055 (custom seed)

148392 Orlauf the Demonic Catastrophe (level 16, -28/131 HPs)
             Began as a Demonspawn Gladiator on Apr 5, 2024.
             Was an Elder of Qazlal.
             Killed by the raging water
             ... invoked by a water nymph
              (35 damage)
             ... on level 4 of the Shoals.
             The game lasted 00:54:16 (25163 turns).

Orlauf the Demonic Catastrophe (DsGl)              Turns: 25163, Time: 00:54:17

Health: -28/131    AC: 27    Str: 23    XL:     16   Next: 94%
Magic:  20/28      EV: 11    Int: 11    God:    Qazlal [****..]
Gold:   2322       SH: 29    Dex: 17    Spells: 15/15 levels left

rFire   . . .        a - +3 trident (vamp)
rCold   + . .        i - +0 kite shield
rNeg    + . .        b - +2 plate armour {rC+}
rPois   +            (helmet unavailable)
rElec   .            C - +2 cloak {rCorr}
rCorr   +            L - +0 pair of gloves of Acupais {rN+ Regen+ Str+3 Stlth-}
SInv    .            z - +0 pair of boots
Will    +....        t - amulet "Ozuolugysy" {Reflect ^Fragile rPois Int+2 SH+5} Stlth
                     T - ring of flight
HPRegen 1.21/turn    r - +4 ring of protection
MPRegen 0.42/turn

%: repel missiles, reflection
@: mighty, agile, about to teleport, flying, mesmerised
A: horns 3, large bone plates 3, powered by pain 2, magic regeneration
a: Renounce Religion, Upheaval, Elemental Force


You were on level 4 of the Shoals.
You worshipped Qazlal.
Qazlal was greatly pleased with you.
You visited 5 branches of the dungeon, and saw 27 of its levels.
You also visited: Sewer and Ice Cave.

You collected 2693 gold pieces.
You spent 371 gold pieces at shops.

Inventory:

Hand Weapons
 a - a +3 vampiric trident (weapon)
 j - a +4 glaive of freezing
 Q - a +2 trident of freezing
 U - the +2 Maxwell's thermic engine {flame, freeze, rev}
   (You found it in an ice cave)
Missiles
 d - 7 throwing nets
 m - 5 javelins
 F - 2 curare-tipped darts
Armour
 b - a +2 plate armour of cold resistance (worn)
 i - a +0 kite shield (worn)
 z - a +0 pair of boots (worn)
 C - a +2 cloak of preservation (worn)
 L - the +0 pair of gloves of Acupais (worn) {rN+ Regen+ Str+3 Stlth-}
   (You found it on level 2 of the Lair of Beasts)

   Str+3:     It affects your strength (+3).
   rN+:       It protects you from negative energy.
   Regen+:    It increases your rate of health regeneration.
   Stlth-:    It makes you less stealthy.
 S - a +0 cloak of cold resistance
 X - +0 ice dragon scales
Jewellery
 g - a ring of poison resistance
 r - a +4 ring of protection (right hand)
 t - the amulet "Ozuolugysy" (around neck) {Reflect ^Fragile rPois Int+2 SH+5}
   (You found it on level 2 of the Dungeon)

   [amulet of reflection]

   Reflect:   It reflects blocked missile attacks.
   Int+2:     It affects your intelligence (+2).
   rPois:     It protects you from poison.
   ^Fragile:  It will be destroyed if unequipped.
   SH+5:      It affects your SH (+5).
 w - a ring of protection from cold
 A - a ring of positive energy
 E - a ring of see invisible
 P - a +5 ring of evasion
 R - a ring of protection from fire
 T - a ring of flight (left hand)
Wands
 c - a wand of flame (27)
 k - a wand of quicksilver (2) (quivered)
 o - a wand of paralysis (18)
 q - a wand of polymorph (3)
 K - a wand of mindburst (5)
 M - a wand of warping (15)
Scrolls
 e - a scroll of revelation
 n - 7 scrolls of poison
 u - 2 scrolls of fog
 v - 7 scrolls of immolation
 x - 10 scrolls of teleportation
 y - 3 scrolls of enchant armour
 D - 2 scrolls of enchant weapon
 H - a scroll of blinking
 Z - 4 scrolls of amnesia
Potions
 f - a potion of degeneration {unknown}
 h - 3 potions of resistance
 l - 4 potions of enlightenment
 p - 4 potions of invisibility
 s - 2 potions of ambrosia
 B - 4 potions of mutation
 G - 3 potions of brilliance {unknown}
 I - 4 potions of might {unknown}
 J - 3 potions of curing
 N - 3 potions of lignification {unknown}
 O - 3 potions of haste {unknown}
 V - a potion of magic {unknown}
Miscellaneous
 W - a condenser vane (inert)


   Skills:
 - Level 13.6 Fighting
 - Level 16.0 Polearms
 - Level 1.7 Throwing
 - Level 11.4 Armour
 - Level 2.6 Dodging
 * Level 9.7 Shields
 + Level 17.6 Invocations
 + Level 8.8 Evocations


You had 15 spell levels left.
You didn't know any spells.
Your spell library contained the following spells:

 Spells                   Type           Power      Damage    Failure   Level
 Apportation              Tloc           0%         N/A       100%        1
 Freeze                   Ice            0%         1d3       100%        1
 Necrotise                Necr           0%         1d4       100%        1
 Shock                    Conj/Air       0%         1d3       100%        1
 Sting                    Conj/Alch      0%         1d3       100%        1
 Summon Small Mammal      Summ           0%         N/A       100%        1
 Cigotuvi's Dreadful Rot  Necr/Alch/Air  0%         N/A       100%        2
 Lesser Beckoning         Tloc           0%         N/A       100%        2
 Static Discharge         Conj/Air       0%         3-3/arc   100%        2
 Dazzling Flash           Conj/Hex       0%         N/A       100%        3
 Frozen Ramparts          Ice            0%         1d1       100%        3
 Hailstorm                Conj/Ice       0%         3d5       100%        3
 Maxwell's Portable Pile  Tloc           0%         2d(5-13)  100%        3
 Sigil of Binding         Hex            0%         N/A       100%        3
 Stone Arrow              Conj/Erth      0%         3d7       100%        3
 Summon Ice Beast         Ice/Summ       0%         N/A       100%        3
 Teleport Other           Tloc           0%         N/A       100%        3
 Airstrike                Air            0%         2d(0-16)  100%        4
 Animate Armour           Summ/Erth      0%         N/A       100%        4
 Animate Dead             Necr           0%         N/A       100%        4
 Dispel Undead            Necr           0%         3d6       100%        4
 Fulminant Prism          Conj/Alch      0%         3d5       100%        4
 Leda's Liquefaction      Alch/Erth      0%         N/A       100%        4
 Martyr's Knell           Necr/Summ      0%         N/A       100%        4
 Summon Lightning Spire   Summ/Air       0%         N/A       100%        4
 Vhi's Electric Charge    Tloc/Air       0%         N/A       100%        4
 Alistair's Intoxication  Alch           0%         N/A       100%        5
 Arcjolt                  Conj/Air       0%         1d10      100%        5
 Borgnjor's Vile Clutch   Necr/Erth      0%         N/A       100%        5
 Lee's Rapid Deconstruct  Erth           0%         3d4*      100%        5
 Summon Forest            Summ/Tloc      0%         N/A       100%        5
 Summon Mana Viper        Hex/Summ       0%         N/A       100%        5
 Death Channel            Necr           0%         N/A       100%        6
 Eringya's Noxious Bog    Alch           0%         4d6       100%        6
 Permafrost Eruption      Ice/Erth       0%         2x4d1     100%        6
 Plasma Beam              Fire/Air       0%         2x1d10    100%        6
 Sculpt Simulacrum        Ice/Alch       0%         N/A       100%        6
 Starburst                Conj/Fire      0%         6d3       100%        6
 Summon Cactus Giant      Summ           0%         N/A       100%        6
 Haunt                    Necr/Summ      0%         N/A       100%        7
 Ozocubu's Refrigeration  Ice            0%         4d7       100%        7
 Borgnjor's Revivificati  Necr           0%         N/A       100%        8
 Infestation              Necr           0%         N/A       100%        8
 Lehudib's Crystal Spear  Conj/Erth      0%         10d2      100%        8
 Maxwell's Capacitive Co  Air            0%         ∞         100%        8
 Death's Door             Necr           0%         N/A       100%        9
 Polar Vortex             Ice            0%         N/A       100%        9


Dungeon Overview and Level Annotations

Branches:
Dungeon (15/15)            Temple (1/1) D:7            Lair (5/5) D:9
 Shoals (4/4) Lair:3        Snake (0/4) Lair:2        Slime (0/5) Lair:5
    Orc (2/2) D:9             Elf (0/3) Orc:2        Vaults (0/5) D:13
 Depths (0/4) D:15          Sewer (visited)           IceCv (visited)

Altars:
Ashenzari
Cheibriados
Dithmenos
Fedhas
Gozag
Hepliaklqana
Kikubaaqudgha
Makhleb
Nemelex Xobeh
Okawaru
Qazlal
Ru
Sif Muna
Trog
Uskayaw
Vehumet
Wu Jian
Xom
Yredelemnul
Beogh
Jiyva
Lugonu

Shops:
D:5 =   D:15 [   Orc:2 =(:[   Shoals:1 [   Shoals:3 *

Portals:
Abyss: D:11 Lair:5

Annotations:
Shoals:4 Ilsuiw


Innate Abilities, Weirdness & Mutations

You have a pair of large horns on your head.
You are completely covered in large bone plates. (SH +8)
You sometimes gain power by taking damage.
You regenerate magic rapidly.


Message History

As you read the scroll of fog, it dissolves into smoke.
The harpy screeches!
A water nymph comes into view.
You block the water elemental's attack.
The merfolk is engulfed in a thunderstorm.
You block the merfolk's attack.
A merfolk javelineer comes into view.
It is wielding a +6 spear of freezing and quivering silver javelins.
You block the water elemental's attack.
A snapping turtle comes into view.
The merfolk siren chants its luring song.
The merfolk closely misses you.
The merfolk siren hits you but does no damage.
The merfolk aquamancer hits you but does no damage.
The merfolk siren chants a haunting song.
You feel better.
You hear a shout!
You block the water elemental's attack.
The merfolk javelineer throws a silver javelin.
The silver javelin completely misses you.
You block the water elemental's attack.
The merfolk is engulfed in a thunderstorm.
You kill the merfolk!
Qazlal accepts your kill.
You hear a splash.
The merfolk aquamancer gestures wildly while chanting.
The merfolk aquamancer blinks!
You block the water elemental's attack.
The merfolk javelineer hits you but does no damage.
The merfolk siren chants its luring song. x2
The merfolk siren barely misses you.
The merfolk impaler hits you but does no damage.
The merfolk hits you from afar with a +0 spear!
* * * LOW HITPOINT WARNING * * *
The merfolk aquamancer hits you but does no damage.
The merfolk avatar chants its luring song.
You hear a shout!
You hear a screech!
As you read the scroll of teleportation, it crumbles to dust.
You feel strangely unstable.
The water nymph gestures at you while chanting.
The water rises up and strikes you!!
You die...

~~..............~~≈≈≈≈≈≈≈≈≈≈≈≈~~~
~~.......~~.~~~~~≈≈≈≈≈≈≈≈≈≈≈≈≈~~~
............~~~~≈≈≈≈≈≈≈≈≈≈≈≈≈≈~~~
.....###......~~≈≈≈≈≈≈≈≈≈≈≈≈≈~~~~
.....* ##....~~~≈≈≈≈≈≈≈≈≈≈≈≈~~~~~
....#* #..~~~~~~≈≈≈≈≈≈≈≈≈≈≈~~~~~~
*..** #.~~~≈~°§°§~~~≈≈≈≈≈~~~~~~~
**** #.~~~≈≈m§§H§~~~~~~~~~~~~~~ *
#.~~tm≈mE@Emm~~~~~~~~~~~~~
*****###~~m~≈≈☼§mE§~~~~~..~~~~~~~
**,,*#...~≈≈≈≈°~mm§{~..)..~~~~~~~
,,~....~≈≈≈≈######mmm.....~~~~~~~
,~~~..~~≈m≈##~~~~)#$E)....~~~~~~~
~~~~~~~~≈≈##~~~~†#~#≈)m...~~~~~~~
~~~≈≈≈≈≈≈≈#≈~~#≈~~#[#H....,~~~~~~
~~~≈≈≈≈≈≈≈#≈~≈≈§Hmm~#.....,~~~~~~
~~~~≈≈≈≈≈≈#≈~≈##≈≈)~#~!..m,,~~~~~


You could see a merfolk avatar (mesmerising), a merfolk impaler, 3 merfolk
javelineers, 2 merfolk aquamancers, a snapping turtle, a merfolk, a manticore, 4
water elementals, 4 merfolk sirens, 2 water nymphs and a harpy.

Vanquished Creatures
  Nikola (Shoals:1)
  Polyphemus (Shoals:4)
  Aizul (Shoals:1)
  An orc warlord (Orc:2)
  A reaper (IceCv)
  A dire elephant (D:15)
  The ghost of Joejoil the Summoner, a journeyman DrSu of Sif Muna (Lair:1)
  2 merfolk javelineers
  Josephine (Lair:5)
  6 merfolk impalers
  3 vault guards (D:13)
  3 catoblepae
  5 hydras
  An ogre mage (D:15)
  2 merfolk aquamancers (Shoals:4)
  Erica (D:8)
  4 merfolk avatars
  The ghost of nel the Arsonist, a journeyman DgFE (D:11)
  4 centaur warriors
  2 satyrs
  2 boulder beetles
  2 death yaks (Shoals:4)
  11 two-headed ogres
  3 thrashing horrors (Lair:5)
  An orc high priest (Orc:2)
  Urug (Lair:3)
  Amaemon (D:8)
  4 skysharks (Shoals:1)
  4 sea snakes
  3 arcanists (D:13)
  18 harpies
  4 deep elf pyromancers
  A necromancer (D:13)
  10 orc knights
  10 fauns
  3 oklob plants (Lair:5)
  4 orc sorcerers (Orc:2)
  2 lindwurms
  10 ugly things
  A salamander (D:15)
  11 elephants
  A worldbinder (D:11)
  14 manticores
  8 cyclopes
  2 kobold blastminers (Orc:1)
  4 large abominations
  5 merfolk sirens
  A torpor snail (Lair:2)
  3 water nymphs
  6 black mambas
  2 black mambas (shapeshifter) (Lair:5)
  3 smoke demons (Lair:5)
  An ice statue (IceCv)
  An orange demon (D:8)
  A gargoyle (D:13)
  15 cane toads
  2 unseen horrors
  7 komodo dragons
  A freezing wraith (D:13)
  An efreet (D:13)
  3 anaconda simulacra (IceCv)
  A kobold demonologist (D:13)
  4 rime drakes
  Psyche (D:8)
  2 ice devils (IceCv)
  19 merfolk
  2 wind drakes
  5 trolls
  3 polar bears
  2 hornets (D:9)
  4 snapping turtles
  38 blink frogs
  3 raiju (Lair:5)
  14 dream sheep
  4 saltlings (Orc:2)
  3 slime creatures (D:15)
  A shadow (D:11)
  A vampire (D:12)
  3 wyverns
  4 wraiths
  6 water elementals
  A dire elephant simulacrum (IceCv)
  45 yaks
  2 death yak simulacra (IceCv)
  18 humans (D:13)
  A neqoxec (D:11)
  3 basilisks
  A steam dragon (D:8)
  3 chaos spawn
  13 small abominations
  7 wargs
  6 vampire mosquitoes (D:12)
  4 nagas (Lair:2)
  A hydra simulacrum (IceCv)
  13 water moccasins
  Duvessa (D:6)
  24 orc warriors
  3 black bears
  3 ogres
  23 wolves
  6 centaurs
  A crocodile (Sewer)
  A centaur (shapeshifter) (D:11)
  2 phantoms
  A kobold brigand (D:10)
  13 bullfrogs
  A cane toad simulacrum (Lair:5)
  5 gnoll sergeants
  A scorpion (D:3)
  8 two-headed ogre simulacra (IceCv)
  3 wights (D:8)
  Dowan (D:6)
  10 killer bees
  4 elephant simulacra
  6 electric eels
  4 howler monkeys
  9 hounds
  5 orc priests
  2 scrub nettles (Lair:5)
  2 gnoll boudas
  3 iguanas
  3 sleepcaps
  Crazy Yiuf (D:2)
  11 orc wizards
  6 troll simulacra (IceCv)
  4 hell rats (Lair:5)
  3 spriggan simulacra (IceCv)
  3 polar bear simulacra (IceCv)
  A wolf simulacrum (IceCv)
  33 gnolls
  6 naga simulacra (IceCv)
  13 adders
  A shadow imp (D:6)
  5 white imps
  4 ufetubi
  A dart slug (D:3)
  5 ribbon worms
  56 orcs
  4 ball pythons
  7 endoplasms
  2 giant cockroaches
  10 goblins
  10 hobgoblins
  8 jackals
  16 kobolds
  9 quokkas
  5 bats
  9 frilled lizards
  7 rats
  A foxfire (D:11)
853 creatures vanquished.

Vanquished Creatures (others)
  A merfolk aquamancer (Shoals:2)
  A sea snake (Shoals:1)
  A harpy (Shoals:1)
  A wolf (Lair:5)
  4 foxfires (D:11)
8 creatures vanquished.

Grand Total: 861 creatures vanquished

Notes
Turn   | Place    | Note
-------+----------+-------------------------------------------
     0 | D:1      | Orlauf the Demonspawn Gladiator began the quest for the
                  | Orb.
     0 | D:1      | Reached XP level 1. HP: 16/16 MP: 1/1
   276 | D:1      | Gained mutation: You are partially covered in large bone
                  | plates. (SH +4) [demonic ancestry]
   276 | D:1      | Reached XP level 2. HP: 21/22 MP: 2/2
   406 | D:1      | Reached XP level 3. HP: 28/28 MP: 3/3
   669 | D:2      | Identified the amulet "Ozuolugysy" {Reflect ^Fragile rPois
                  | Int+2 SH+5}
   816 | D:2      | Found a runed translucent door.
   817 | D:2      | Noticed Crazy Yiuf
   826 | D:2      | Killed Crazy Yiuf
   827 | D:2      | Gained mutation: You regenerate magic rapidly. [demonic
                  | ancestry]
   827 | D:2      | Reached XP level 4. HP: 35/35 MP: 4/4
   893 | D:2      | Found a shimmering blue altar of Sif Muna.
  1400 | D:3      | Noticed a scorpion
  1418 | D:3      | Killed a scorpion
  1419 | D:3      | Reached XP level 5. HP: 37/41 MP: 5/5
  1629 | D:3      | Found a blossoming altar of Fedhas.
  1859 | D:3      | Reached skill level 5 in Polearms
  2410 | D:4      | Gained mutation: You sometimes gain a little power by
                  | taking damage. [demonic ancestry]
  2410 | D:4      | Reached XP level 6. HP: 48/48 MP: 6/6
  3109 | D:5      | Entered Level 5 of the Dungeon
  3126 | D:5      | Gained mutation: You have a pair of small horns on your
                  | head. [demonic ancestry]
  3126 | D:5      | Reached XP level 7. HP: 47/55 MP: 7/7
  3337 | D:5      | Reached skill level 5 in Fighting
  3735 | D:5      | Found Vuic's Jewellery Shoppe.
  4383 | D:6      | Reached XP level 8. HP: 61/64 MP: 8/8
  4445 | D:6      | Noticed Dowan
  4445 | D:6      | Noticed Duvessa
  4480 | D:6      | Killed Duvessa
  4484 | D:6      | Killed Dowan
  4631 | D:6      | Found a glowing drain.
  4645 | Sewer    | Entered a sewer
  6116 | D:7      | Found a hazy altar of Hepliaklqana.
  6143 | D:7      | Gained mutation: You are mostly covered in large bone
                  | plates. (SH +6) [demonic ancestry]
  6143 | D:7      | Reached XP level 9. HP: 71/75 MP: 9/9
  6157 | D:7      | Found a staircase to the Ecumenical Temple.
  6167 | Temple   | Entered the Ecumenical Temple
  6181 | Temple   | Became a worshipper of Qazlal Stormbringer
  6384 | D:7      | You fall into a shaft and drop 1 floor!
  6464 | D:8      | Noticed Amaemon
  6464 | D:8      | Noticed an orange demon
  6498 | D:8      | Reached skill level 1 in Invocations
  6600 | D:8      | Reached skill level 2 in Invocations
  6656 | D:8      | Noticed Erica
  6671 | D:8      | Killed Erica
  6672 | D:8      | Reached skill level 3 in Invocations
  6989 | D:8      | Killed an orange demon
  6990 | D:8      | Reached skill level 4 in Invocations
  6996 | D:8      | Killed Amaemon
  6997 | D:8      | Reached skill level 10 in Fighting
  6997 | D:8      | Reached skill level 5 in Invocations
  7233 | D:8      | Gained mutation: You sometimes gain power by taking damage.
                  | [demonic ancestry]
  7233 | D:8      | Reached XP level 10. HP: 86/86 MP: 13/13
  7250 | D:8      | Reached skill level 1 in Armour
  7532 | D:8      | Found a sparkling altar of Nemelex Xobeh.
  7617 | D:8      | Reached * piety under Qazlal
  7764 | D:8      | Noticed Psyche
  7781 | D:8      | Killed Psyche
  7782 | D:8      | Reached skill level 6 in Invocations
  7880 | D:8      | Found a broken altar of Ashenzari.
  7886 | D:8      | Found an ornate altar of the Wu Jian Council.
  8378 | D:9      | Found a staircase to the Lair.
  8482 | D:9      | Reached skill level 10 in Polearms
  8628 | D:9      | Reached ** piety under Qazlal
  8629 | D:9      | Reached skill level 7 in Invocations
  9078 | D:9      | Found a staircase to the Orcish Mines.
  9205 | D:9      | Found an iron altar of Okawaru.
  9269 | D:10     | Entered Level 10 of the Dungeon
  9464 | D:10     | Found a snail-covered altar of Cheibriados.
  9577 | D:10     | Gained mutation: You have a pair of horns on your head.
                  | [demonic ancestry]
  9577 | D:10     | Reached XP level 11. HP: 92/92 MP: 16/16
  9577 | D:10     | Noticed a two-headed ogre
  9582 | D:10     | Killed a two-headed ogre
  9582 | D:10     | Reached *** piety under Qazlal
  9812 | D:10     | Noticed a two-headed ogre
  9825 | D:10     | Killed a two-headed ogre
  9826 | D:10     | Reached skill level 8 in Invocations
 10124 | D:11     | Found a transporter.
 10182 | D:11     | Found a transporter.
 10185 | D:11     | Noticed nel's ghost (journeyman DgFE)
 10196 | D:11     | Noticed a large abomination
 10839 | D:11     | Noticed a two-headed ogre
 10844 | D:11     | Killed a two-headed ogre
 10845 | D:11     | Reached skill level 9 in Invocations
 10886 | D:11     | Reached skill level 5 in Armour
 11053 | D:11     | a polar bear changed into an entropy weaver
 11053 | D:11     | Noticed an entropy weaver (shapeshifter)
 11131 | D:11     | Noticed a two-headed ogre
 11136 | D:11     | Killed a two-headed ogre
 11205 | D:12     | Reached **** piety under Qazlal
 11361 | Lair:1   | Entered Level 1 of the Lair of Beasts
 11402 | Lair:1   | Reached XP level 12. HP: 51/100 MP: 19/19
 11680 | Lair:1   | Reached skill level 10 in Invocations
 11943 | Lair:1   | Noticed a catoblepas
 12046 | Lair:1   | Killed a catoblepas
 12229 | Lair:1   | Identified the +0 trident of Hubris {antimagic, rElec rF-
                  | Str+3 Stlth+}
 12271 | Lair:1   | Found a large runed translucent door.
 12273 | Lair:1   | Noticed a boulder beetle
 12299 | Lair:1   | Found a large runed translucent door.
 12330 | Lair:1   | Killed a boulder beetle
 12392 | Lair:1   | Noticed Joejoil's ghost (journeyman DrSu)
 12494 | Lair:1   | Reached skill level 11 in Invocations
 12931 | Lair:2   | Identified the +0 pair of gloves of Acupais {rN+ Regen+
                  | Str+3 Stlth-}
 13027 | Lair:2   | Reached ***** piety under Qazlal
 13309 | Lair:2   | Gained mutation: You have a pair of large horns on your
                  | head. [demonic ancestry]
 13309 | Lair:2   | Reached XP level 13. HP: 106/106 MP: 21/21
 13371 | Lair:2   | Reached skill level 12 in Invocations
 13390 | Lair:2   | Found a staircase to the Snake Pit.
 13793 | Lair:3   | Noticed Urug
 13803 | Lair:3   | Killed Urug
 14236 | Lair:3   | Found a staircase to the Shoals.
 14363 | Lair:3   | You fall into a shaft and drop 2 floors!
 14363 | Lair:5   | Entered Level 5 of the Lair of Beasts
 14660 | Lair:5   | Found a frozen archway.
 14681 | Lair:5   | Reached ****** piety under Qazlal
 14710 | Lair:5   | Reached skill level 13 in Invocations
 14724 | IceCv    | Entered an ice cave
 15196 | IceCv    | Found the +2 Maxwell's thermic engine {flame, freeze, rev}
 15202 | IceCv    | Noticed a reaper
 15223 | IceCv    | Killed a reaper
 15873 | Lair:5   | Noticed Josephine
 15899 | Lair:5   | Killed Josephine
 15942 | Lair:4   | Reached XP level 14. HP: 116/116 MP: 24/24
 16329 | Lair:4   | Reached skill level 10 in Armour
 17405 | Lair:5   | Found a viscous altar of Jiyva.
 17602 | Lair:5   | Paralysed by a chaos spawn for 1 turns
 17916 | Lair:5   | Reached skill level 14 in Invocations
 18075 | Lair:5   | Found the +6 Majin-Bo {spellvamp, MP+6 Int+6}
 18076 | Lair:5   | Found a corrupted altar of Lugonu.
 18076 | Lair:5   | Found a one-way gate to the infinite horrors of the Abyss.
 18471 | Lair:5   | Found a staircase to the Slime Pits.
 18650 | Lair:1   | Killed Joejoil's ghost
 18758 | D:11     | Reached skill level 15 in Polearms
 18772 | D:11     | Killed nel's ghost
 19489 | D:13     | Reached skill level 1 in Evocations
 19685 | D:13     | Reached XP level 15. HP: 117/124 MP: 22/26
 19943 | D:13     | Reached skill level 15 in Invocations
 20040 | D:13     | Found a gate to the Vaults.
 20565 | D:13     | Got the Directory of Haze and Takwin
 20650 | D:14     | Reached skill level 1 in Shields
 21259 | D:15     | Entered Level 15 of the Dungeon
 21284 | D:15     | Reached skill level 5 in Evocations
 21347 | D:15     | Found a staircase to the Depths.
 21815 | D:15     | Found Utuhomm's Antique Armour Shoppe.
 21831 | D:15     | Bought a transparent tower shield for 313 gold pieces
 21831 | D:15     | Identified the +3 tower shield "Heewno" {Harm *Corrode
                  | rElec} (You bought it in a shop on level 15 of the Dungeon)
 22255 | Orc:1    | Entered Level 1 of the Orcish Mines
 22640 | Orc:2    | Entered Level 2 of the Orcish Mines
 22708 | Orc:2    | Reached skill level 5 in Shields
 22877 | Orc:2    | Found a roughly hewn altar of Beogh.
 23007 | Orc:2    | Found a staircase to the Elven Halls.
 23103 | Orc:2    | Reached skill level 16 in Invocations
 23144 | Orc:2    | Found Bicel's Antique Armour Shoppe.
 23175 | Orc:2    | Found Lodityoq's Antique Weapon Shoppe.
 23176 | Orc:2    | Found a roughly hewn altar of Beogh.
 23177 | Orc:2    | Found Ufotue's Book Shoppe.
 23203 | Orc:2    | Found Woomesimn's Jewellery Shop.
 23617 | Shoals:1 | Entered Level 1 of the Shoals
 23617 | Shoals:1 | Found Ocorot's Antique Armour Shop.
 23632 | Shoals:1 | Noticed Nikola
 23634 | Shoals:1 | Gained mutation: You are completely covered in large bone
                  | plates. (SH +8) [demonic ancestry]
 23634 | Shoals:1 | Reached XP level 16. HP: 126/131 MP: 19/28
 23746 | Shoals:1 | Killed Nikola
 24171 | Shoals:1 | Identified the serpent talisman "Piotiukhlo" {rN+ Dex+2
                  | Slay+2}
 24171 | Shoals:1 | Noticed Aizul
 24189 | Shoals:1 | Killed Aizul
 24859 | Shoals:3 | Reached skill level 17 in Invocations
 24900 | Shoals:3 | Found Xabat's Assorted Antiques.
 24935 | Shoals:3 | Bought a scroll of identify for 58 gold pieces
 24946 | Shoals:4 | Entered Level 4 of the Shoals
 25126 | Shoals:4 | Noticed Polyphemus
 25148 | Shoals:4 | Killed Polyphemus
 25153 | Shoals:4 | Noticed Ilsuiw
 25154 | Shoals:4 | HP: 3/131 [alligator snapping turtle (8)]
 25160 | Shoals:4 | HP: 3/131 [merfolk/+0 spear[a merfolk impaler] (16)]
 25163 | Shoals:4 | Killed from afar by a water nymph

Illustrated notes

Levels and vault maps discovered:
D:1:      wander_arrival_desolate, layout_basic, minmay_lizard_pond
D:2:      layout_rooms, basic_altar, uniq_crazy_yiuf_cottage
D:3:      layout_basic, mainiacjoe_overflow_small_starburst,
          fedhas_altar_fruit_tree, grunt_decor_mini_mirrors,
          minmay_goblin_outpost
D:4:      layout_loops_ring, mainiacjoe_overflow_six_doors_small
D:5:      layout_basic, serial_shops, nicolae_shop_just_a_little_nook
D:6:      layout_layer_cave, portal_sewer_entry_d, uniq_duvessa
D:7:      layout_basic, lemuel_doored_altar,
          minmay_temple_entry_statues_fountains
D:8:      layout_rooms, grunt_temple_overflow_open, nemelex_spade_bored_becter,
          nrook_uturn, uniq_psyche, uniq_amaemon, uniq_erica
D:9:      layout_roguey, mainiacjoe_overflow_alcove_4, erik_lair_island,
          orc_0_dummy
D:10:     layout_rooms, cheibrodos_worm_habitat, nicolae_figureground_pulse
D:11:     layout_grid_maze, gammafunk_ghost_abyssal_escape
D:12:     layout_basic
D:13:     minmay_stepped, layout_stronghold, grunt_vaults_entry_tiered
D:14:     layout_basic, kennysheep_another_room
D:15:     hangedman_depths_entry_try_elsewhere_first, layout_basic,
          serial_shops, shop
Temple:   nicolae_temple_figure_eight
Lair:1:   layout_loops_ring, ebering_ghost_disaster_area
Lair:2:   layout_long_grid, minmay_snake_entry_guardpost_medium
Lair:3:   layout_long_grid, mainiacjoe_shoals_entry_four_pools, uniq_urug
Lair:4:   layout_layer_cave
Lair:5:   hellmonk_lair_end_abyssal_woods, layout_regular_city,
          minmay_slime_entry_oklob_enclosed,
          portal_ice_cave_entry_ice_simulacra, evilmike_ambush
          [evilmike_ambush_outer_doors, evilmike_ambush_inner_basic],
          serial_bayou_shore_b, infiniplex_staircase_pool, grunt_megastairs_4,
          uniq_josephine
Shoals:1: layout_shoals, serial_shops, shop, nicolae_shoals_pincushion_passage,
          uniq_aizul, uniq_nikola
Shoals:2: layout_shoals, nicolae_shoals_enchanted_isle
Shoals:3: layout_shoals, serial_shops, shop, shop, shop, shop,
          nicolae_shop_tiny_real_fake_doors
Shoals:4: shoals_end_hangedman, layout_shoals, shoals_ilsuiw_ice, serial_shops,
          nicolae_shop_trees, nicolae_shop_firing_range, uniq_polyphemus
Orc:1:    layout_caves
Orc:2:    hellmonk_orc_salted, layout_caves, basic_altar

Skill      XL: |  1  2  3  4  5  6  7  8  9 10 11 12 13 14 15 16 |
---------------+-------------------------------------------------+-----
Polearms       | 3 4 5 6 7 8 9 10 12 13 14 15 16 | 16.0
Fighting       | 3 4 6 8 10 11 12 13 | 13.6
Invocations    | 5 7 9 11 13 14 16 17 | 17.6
Armour         | 3 5 7 9 11 | 11.4
Evocations     | 3 6 8 |  8.8
Shields        | 6 9 |  9.7
Throwing       | |  1.7
Dodging        | |  2.6

Action                     |  1- 3 |  4- 6 |  7- 9 | 10-12 | 13-15 | 16-18 || total
---------------------------+-------+-------+-------+-------+-------+-------++-------
  Melee: Trident           |    98 |   263 |   306 |   872 |  1701 |   373 ||  3613
         Bardiche          |       |       |    23 |       |       |       ||    23
         Headbutt          |       |       |    72 |   213 |   459 |    72 ||   816
         Halberd           |       |       |    57 |    28 |       |       ||    85
  Throw: Throwing net      |     3 |       |     5 |       |       |       ||     8
         Dart              |       |     3 |     1 |     5 |       |       ||     9
 Invoke: Disaster Area     |       |       |       |       |     8 |     7 ||    15
         Upheaval          |       |       |       |       |     1 |     3 ||     4
  Evoke: Wand              |       |       |    15 |       |     7 |     3 ||    25
         Condenser vane    |       |       |       |       |       |     1 ||     1
    Use: Scroll            |     2 |     7 |     6 |     5 |     3 |     7 ||    30
         Potion            |       |       |     9 |     1 |     1 |     7 ||    18
   Stab: Held in net/web   |     1 |     1 |     2 |       |       |       ||     4
         Paralysed         |       |       |    22 |       |       |       ||    22
         Petrified         |       |       |       |     1 |       |    15 ||    16
         Petrifying        |       |       |       |       |       |     1 ||     1
 Armour: Leather armour    |     7 |       |       |       |       |       ||     7
         Plate armour      |    43 |   165 |   321 |   536 |   566 |   267 ||  1898
  Dodge: Dodged            |    14 |    32 |    63 |   147 |   173 |    88 ||   517
         Repelled          |       |       |       |       |    28 |    21 ||    49
  Block: Other             |    15 |    87 |   165 |   401 |   454 |       ||  1122
         Reflection        |       |     7 |     6 |    10 |    51 |    59 ||   133
         Kite shield       |       |       |       |       |   450 |   448 ||   898

Table legend: (Time is in decaauts)
 A = Elapsed time spent in this place.
 B = Non-inter-level travel time spent in this place.
 C = Inter-level travel time spent in this place.
 D = Time resting spent in this place.
 E = Time spent auto-exploring this place.
 F = Levels seen in this place.
 G = Mean time per level.
                   A        B        C        D        E       F      G
               +--------+--------+--------+--------+--------+-----+--------+
         Total |  24277 |  23016 |   1261 |   1206 |  16042 |  29 |  837.1 |
       Dungeon |  14537 |  13743 |    794 |    938 |   9665 |  15 |  969.1 |
        Temple |     26 |     14 |     12 |      0 |      0 |   1 |   26.0 |
          Lair |   6009 |   5673 |    336 |    263 |   4064 |   5 | 1201.8 |
        Shoals |   1428 |   1394 |     34 |      2 |    767 |   4 |  357.0 |
  Orcish Mines |   1186 |   1102 |     84 |      0 |    781 |   2 |  593.0 |
         Sewer |    143 |    143 |      0 |      0 |     85 |   1 |  143.0 |
      Ice Cave |    944 |    944 |      0 |      3 |    679 |   1 |  944.0 |
               +--------+--------+--------+--------+--------+-----+--------+

Top non-repeatable levels by time:
  Lair:1: 1547 daAuts
  Lair:5: 1519 daAuts
     D:8: 1490 daAuts
     D:6: 1438 daAuts
     D:9: 1343 daAuts
    D:11: 1217 daAuts
    D:13: 1153 daAuts
     D:3: 1095 daAuts
  Lair:4: 1063 daAuts
     D:5: 1063 daAuts
  Lair:3: 964 daAuts
   IceCv: 944 daAuts
  Lair:2: 914 daAuts
Shoals:1: 908 daAuts
    D:10: 873 daAuts
